 Dungeon Crawl Stone Soup version 0.27-a0-1200-g94dc6ad4cf (webtiles) character file.

Game seed: 9865925512640212085

663 Glokmah the Charlatan (level 7, 0/59 HPs)
             Began as a Red Draconian Artificer on May 30, 2021.
             Was a Priest of Cheibriados.
             Slain by Edmund
             ... wielding a +3 flail of protection
              (10 damage)
             ... on level 5 of the Dungeon.
             The game lasted 00:10:59 (5919 turns).

Glokmah the Charlatan (Red Draconian Artificer)     Turns: 5919, Time: 00:10:59

Health: 0/59       AC:  8    Str: 23    XL:     7   Next: 31%
Magic:  8/10       EV: 13    Int: 19    God:    Cheibriados [***...]
Gold:   211        SH:  0    Dex: 21    Spells: 6/6 levels left

rFire    + . .     SeeInvis .   a - +0 glaive (vorpal)
rCold    + . .     Faith    .   (shield currently unavailable)
rNeg     . . .     Spirit   .   (armour unavailable)
rPois    .         Reflect  .   (helmet restricted)
rElec    .         Harm     .   k - +1 cloak
rCorr    .         Rampage  .   (no gloves)
Will     .....                  (no boots)
Stlth    ++........             (no amulet)
HPRegen  0.19/turn              h - ring of protection from cold
MPRegen  0.12/turn              (no ring)

@: short of breath, very slow
A: breathe fire, AC +6, unfitting armour, fire resistance 1, cold-blooded
a: Breathe Fire, Renounce Religion, Bend Time, Temporal Distortion


You were on level 5 of the Dungeon.
You worshipped Cheibriados.
Cheibriados was most pleased with you.
You visited 1 branch of the dungeon, and saw 5 of its levels.

You collected 211 gold pieces.

Inventory:

Hand Weapons
 a - a +0 vorpal glaive (weapon)
 n - a +1 short sword
Missiles
 i - 17 arrows
 l - 8 boomerangs (quivered)
 u - 16 bolts
Armour
 k - a +1 cloak (worn)
Jewellery
 h - a ring of protection from cold (left hand)
Wands
 b - a wand of flame (5)
 c - a wand of charming (12)
Scrolls
 f - a scroll of amnesia
 g - 2 scrolls of blinking
 r - 3 scrolls of identify
 s - a scroll of enchant armour
 v - a scroll of fog {unknown}
 w - a scroll of torment {unknown}
Potions
 e - 2 potions of flight
 j - 2 potions of magic
 m - a potion of mutation {unknown}
 o - a potion of brilliance {unknown}
 p - 2 potions of curing
 q - a potion of lignification {unknown}
 t - 2 potions of heal wounds {unknown}
Miscellaneous
 d - a piece from Xom's chessboard (15/15)


   Skills:
 + Level 4.0 Fighting
 - Level 2.1 Dodging
 - Level 0.8 Stealth
 * Level 5.0 Invocations
 * Level 6.0 Evocations


You had 6 spell levels left.
You didn't know any spells.
Your spell library was empty.

Dungeon Overview and Level Annotations

Branches:
Dungeon (5/15)             Temple (0/1) D:5

Altars:
Cheibriados
Ru
Wu Jian
Yredelemnul
The Shining One

Annotations:
D:5 Edmund


Innate Abilities, Weirdness & Mutations

You can breathe blasts of fire.
Your fiery red scales are hard. (AC +6)
You cannot fit into any form of body armour.
Your flesh is heat resistant. (rF+)
You are cold-blooded and may be slowed by cold attacks.


Message History

You closely miss Edmund.
Edmund is moderately wounded.
Edmund hits you with a +3 flail of protection.
The orc closely misses you.
The orc shouts!
You hit Edmund.
Edmund is moderately wounded.
Edmund says, "You wouldn't believe how much I paid for this flail."
Edmund completely misses you.
You hit Edmund.
Edmund is heavily wounded.
Edmund hits you with a +3 flail of protection!
The orc completely misses you. The orc barely misses you.
You hit Edmund.
Your tail-slap misses Edmund.
Edmund is heavily wounded.
The orc closely misses you.
Edmund hits you with a +3 flail of protection.
The orc completely misses you. The orc hits you with a +0 flail.
Edmund barely misses you.
You hit Edmund.
Your tail-slap misses Edmund.
Edmund is severely wounded.
An orc comes into view. It is wielding a +0 short sword.
The orc hits you but does no damage.
Edmund hits you with a +3 flail of protection!
* * * LOW HITPOINT WARNING * * *
The orc hits you but does no damage. The orc hits you with a +0 hand axe.
* * * LOW HITPOINT WARNING * * *
Okay, then.
Okay, then.
Okay, then.
The orc shouts!
You hit Edmund but do no damage.
Edmund is severely wounded.
Edmund is no longer moving slowly.
The orc barely misses you.
Edmund hits you with a +3 flail of protection!
* * * LOW HITPOINT WARNING * * *
The orc hits you but does no damage.
It was a potion of curing.
You feel better. The orc misses you.
Edmund hits you with a +3 flail of protection!
You die...

....................#
........#...#.......#
.......##..)##......#
#.....##.....##..#####.
#....##..#.#..##.......
#.......##.##..........
#......##...##......#
#.........>......#### +
.. ##...##.o@...# # ##.
#...@o..# # #
#..##....# . ....#
.o...# .. ...# .#.....
## #... .. ...... ...
.. #####+# ...


You could see Edmund and 3 orcs.

Vanquished Creatures
  Sigmund (D:5)
  2 ogres
  A hound (D:5)
  Ijyb (D:3)
  2 iguanas (D:5)
  A scorpion zombie (D:5)
  3 orc wizards (D:5)
  4 gnolls (D:5)
  2 adders (D:3)
  An ufetubus (D:2)
  7 worms
  3 dart slugs
  5 orcs
  3 endoplasms
  3 giant cockroaches
  3 goblins
  11 hobgoblins
  4 jackals (D:1)
  8 kobolds
  6 ball pythons
  8 bats
  A frilled lizard (D:1)
  2 rats
82 creatures vanquished.

Vanquished Creatures (collateral kills)
  An orc (D:3)
  A giant cockroach (D:1)
  A rat (D:3)
3 creatures vanquished.

Vanquished Creatures (others)
  An orc (D:3)
1 creature vanquished.

Grand Total: 86 creatures vanquished

Notes
Turn   | Place    | Note
-------+----------+-------------------------------------------
     0 | D:1      | Glokmah the Draconian Artificer began the quest for the
                  | Orb.
     0 | D:1      | Reached XP level 1. HP: 16/16 MP: 1/1
   331 | D:1      | Found a faded altar of an unknown god.
   346 | D:1      | Became a worshipper of Cheibriados the Contemplative
   346 | D:1      | Reached * piety under Cheibriados
   603 | D:1      | Reached XP level 2. HP: 19/23 MP: 2/2
  1139 | D:1      | You fall into a shaft and drop 1 floor!
  1175 | D:2      | Reached XP level 3. HP: 18/29 MP: 3/3
  1322 | D:2      | Reached ** piety under Cheibriados
  1525 | D:2      | Reached skill level 1 in Invocations
  2292 | D:2      | Found a sacrificial altar of Ru.
  2314 | D:2      | Reached skill level 4 in Evocations
  3024 | D:2      | Reached XP level 4. HP: 25/36 MP: 5/5
  3596 | D:3      | Reached *** piety under Cheibriados
  3799 | D:3      | Noticed an ogre
  3809 | D:3      | Killed an ogre
  3810 | D:3      | Reached XP level 5. HP: 44/44 MP: 5/7
  3983 | D:3      | Noticed Ijyb
  3991 | D:3      | Paralysed by Ijyb for 2 turns
  4001 | D:3      | Paralysed by Ijyb for 6 turns
  4015 | D:3      | Killed Ijyb
  4519 | D:4      | Found a glowing golden altar of the Shining One.
  4752 | D:4      | Found an ornate altar of the Wu Jian Council.
  5101 | D:5      | Entered Level 5 of the Dungeon
  5195 | D:5      | Found a basalt altar of Yredelemnul.
  5206 | D:5      | Reached skill level 5 in Evocations
  5206 | D:5      | Reached XP level 6. HP: 41/51 MP: 8/8
  5289 | D:5      | Noticed Sigmund
  5306 | D:5      | Killed Sigmund
  5310 | D:5      | Your scales start taking on a fiery red colour.
  5310 | D:5      | Reached XP level 7. HP: 16/58 MP: 4/10
  5310 | D:5      | Gained mutation: Your flesh is heat resistant. (rF+) [Red
                  | Draconian growth]
  5844 | D:5      | Reached skill level 5 in Invocations
  5854 | D:5      | Found a staircase to the Ecumenical Temple.
  5868 | D:5      | Reached skill level 6 in Evocations
  5907 | D:5      | Noticed Edmund
  5919 | D:5      | Slain by Edmund

Illustrated notes

Levels and vault maps discovered:
D:1:      dpeg_arrival_tiny_d, layout_rooms, ebering_ecumenical_altar_rust,
          minmay_unequal
D:2:      layout_loops_ring, basic_altar
D:3:      layout_rooms, mrwooster_statue_mirror, uniq_ijyb
D:4:      layout_loops_ring, nicolae_wu_jian_wuxing_cycle,
          nicolae_tso_swordbearing_angel, chequers_serial_rivers_micro_c,
          minmay_misc_feat_doors, kennysheep_generic_room_7
D:5:      layout_gridville, grunt_dithmenos_smoke,
          nicolae_overflow_crystal_walls, minmay_temple_entry_waves,
          uniq_crazy_yiuf_cottage, uniq_edmund, uniq_sigmund

Skill      XL: |  1  2  3  4  5  6  7 |
---------------+----------------------+-----
Fighting       | 2 3 4 |  4.0
Invocations    | 1 2 3 4 5 |  5.0
Evocations     | 4 5 6 |  6.0
Dodging        | |  2.1
Stealth        | |  0.8

Action                   |  1- 3 |  4- 6 |  7- 9 || total
-------------------------+-------+-------+-------++-------
Melee: Club              |    57 |       |       ||    57
       Tailslap          |    30 |    21 |     8 ||    59
       Dagger            |    31 |       |       ||    31
       Short sword       |    97 |    89 |       ||   186
       Glaive            |       |    25 |    35 ||    60
Throw: Boomerang         |       |     2 |       ||     2
Invok: Bend Time         |       |     3 |     1 ||     4
 Abil: Breathe Fire      |       |       |     5 ||     5
Evoke: Wand              |     7 |     6 |       ||    13
  Use: Scroll            |     2 |     5 |       ||     7
       Potion            |       |       |     1 ||     1
 Stab: Sleeping          |     3 |     2 |       ||     5
Armor: Skin              |    73 |    42 |    25 ||   140
Dodge: Dodged            |   157 |   102 |    46 ||   305

Table legend: (Time is in decaauts)
 A = Elapsed time spent in this place.
 B = Non-inter-level travel time spent in this place.
 C = Inter-level travel time spent in this place.
 D = Time resting spent in this place.
 E = Time spent auto-exploring this place.
 F = Levels seen in this place.
 G = Mean time per level.
                   A        B        C        D        E       F      G
               +--------+--------+--------+--------+--------+-----+--------+
         Total |   7357 |   6965 |    392 |   2175 |   3379 |   5 | 1471.4 |
       Dungeon |   7357 |   6965 |    392 |   2175 |   3379 |   5 | 1471.4 |
               +--------+--------+--------+--------+--------+-----+--------+

Top non-repeatable levels by time:
     D:2: 2333 daAuts
     D:1: 1584 daAuts
     D:4: 1262 daAuts
     D:3: 1239 daAuts
     D:5: 937 daAuts
